 Dungeon Crawl Stone Soup version 0.28.0 (webtiles) character file.

Game seed: 9383780926434012690

53 sanka the Magician (level 3, 0/19 HPs)
             Began as a Tengu Earth Elementalist on Feb 9, 2022.
             Succumbed to an adder's poison
             ... on level 2 of the Dungeon.
             The game lasted 00:01:49 (1911 turns).

sanka the Magician (Tengu Earth Elementalist)       Turns: 1911, Time: 00:01:50

Health: 0/19       AC:  2    Str:  8    XL:     3   Next: 89%
Magic:  3/8        EV: 12    Int: 17    God:
Gold:   64         SH:  0    Dex: 14    Spells: 1/7 levels left

rFire   . . .      SeeInvis .   (no weapon)
rCold   . . .      Faith    .   (no shield)
rNeg    . . .      Spirit   .   b - +0 robe
rPois   .          Reflect  .   (helmet restricted)
rElec   .          Harm     .   (no cloak)
rCorr   .          Rampage  .   (no gloves)
Will    .....                   (boots unavailable)
Stlth   ++........              (no amulet)
HPRegen 0.06/turn               (no ring)
MPRegen 0.11/turn               (no ring)

@: lethally poisoned (0 -> -5)
A: beak, talons 3
a: no special abilities


You were on level 2 of the Dungeon.
You visited 1 branch of the dungeon, and saw 2 of its levels.

You collected 64 gold pieces.

Inventory:

Missiles
 c - 16 stones
Armour
 b - a +0 robe (worn)
Scrolls
 a - a scroll of magic mapping {unknown}
 d - a scroll of fog {unknown}
 e - a scroll of silence {unknown}


   Skills:
 - Level 2.1 Dodging
 - Level 2.0 Stealth
 + Level 2.7 Spellcasting
 + Level 2.4 Conjurations
 - Level 0.7 Transmutations
 + Level 2.6 Earth Magic


You had one spell level left.
You knew the following spells:

 Your Spells              Type           Power      Damage    Failure   Level
a - Sandblast             Erth           22%        2d7       6%          1
b - Passwall              Tmut/Erth      6%         N/A       14%         2
c - Stone Arrow           Conj/Erth      20%        3d8       19%         3

Your spell library contained the following spells:

 Spells                   Type           Power      Damage    Failure   Level
 Petrify                  Tmut/Erth      8%         N/A       65%         4


Dungeon Overview and Level Annotations

Branches:
Dungeon (2/15)

Altars:
Wu Jian

Annotations:
D:2 Natasha


Innate Abilities, Weirdness & Mutations

You have a beak for a mouth.
You have claws for feet.


Message History

You barely miss the goblin. You claw the goblin.
You kill the goblin!
No target in view!
Unknown command.
HP restored.
Things that are here:
a +0 dagger; a goblin corpse
There is a stone staircase leading up here.
An adder comes into view.
An adder is nearby!
An adder is nearby!
An adder is nearby!
The adder hisses angrily.
The blast of sand misses the adder.
The blast of sand hits the adder.
The adder is heavily wounded.
The adder bites you.
You are poisoned.
The adder poisons you!
The blast of sand misses the adder.
You feel sick. The adder bites you. x2
You are lethally poisoned!
The adder poisons you!
You are too injured to fight recklessly!
Unknown command.
Casting: Sandblast (safe; 6% risk of failure)
Confirm with . or Enter, or press ? or * to list all spells.
Aiming: Sandblast (safe; 6% risk of failure)
Press: ? - help, Shift-Dir - straight line, f/p - adder
Aim: an adder (heavily wounded, 66% to hit)
The blast of sand hits the adder!
You kill the adder!
* * * LOW HITPOINT WARNING * * *
You feel sick.
Unknown command.
You aren't carrying any potions.
* * * LOW HITPOINT WARNING * * *
You feel sick.
* * * LOW HITPOINT WARNING * * *
You feel sick.
You die...

##.#.##
##.## #.#
#########
#.#
#........
#.#
#.....###
#.#
#####.#
#.#
#........
#.#
#.###.###
#@# #.#
#.# #.#
#.# #.#
#.# #.#
#†# ..#
#.# #.#
#.# #.#


There were no monsters in sight!

Vanquished Creatures
  2 adders (D:2)
  3 dart slugs (D:1)
  2 ball pythons (D:1)
  2 bats (D:1)
  3 endoplasms (D:1)
  5 hobgoblins (D:1)
  3 frilled lizards (D:1)
  6 goblins
  A kobold (D:1)
  2 rats (D:1)
29 creatures vanquished.

Notes
Turn   | Place    | Note
-------+----------+-------------------------------------------
     0 | D:1      | sanka the Tengu Earth Elementalist began the quest for the
                  | Orb.
     0 | D:1      | Reached XP level 1. HP: 10/10 MP: 4/4
   427 | D:1      | Reached skill level 1 in Conjurations
   428 | D:1      | Reached XP level 2. HP: 10/15 MP: 1/6
   668 | D:1      | Learned a level 2 spell: Passwall
   748 | D:1      | Found a faded altar of an unknown god.
  1092 | D:1      | You fall into a shaft and drop 1 floor!
  1092 | D:2      | Found an ornate altar of the Wu Jian Council.
  1099 | D:2      | Reached XP level 3. HP: 19/19 MP: 3/7
  1140 | D:2      | Learned a level 3 spell: Stone Arrow
  1167 | D:2      | Noticed Natasha
  1911 | D:2      | Succumbed to an adder's poison

Illustrated notes

Levels and vault maps discovered:
D:1:      dpeg_arrival_three_smaller_balls, layout_basic,
          basic_ecumenical_altar, kennysheep_nondescript, minmay_box_of_dots
D:2:      layout_loops_ring, basic_altar, uniq_natasha

Skill      XL: |  1  2 |
---------------+-------+-----
Conjurations   | 1 2 |  2.4
Dodging        | |  2.1
Stealth        | |  2.0
Spellcasting   | |  2.7
Transmutations | |  0.7
Earth Magic    | |  2.6

Action                   || total
-------------------------++-------
Melee: Unarmed           ||    71
       Kick              ||    25
       Peck              ||    11
 Cast: Sandblast         ||    14
 Stab: Sleeping          ||     1
Armor: Robe              ||     9
Dodge: Dodged            ||    60
